 Dungeon Crawl Stone Soup version 0.21-a0-584-g185da8e (webtiles) character file.

2352 tilp the Ducker (level 9, -6/74 HPs)
             Began as a Gnoll Monk on Dec 22, 2017.
             Was a Believer of Cheibriados.
             Mangled by a four-headed hydra (10 damage)
             ... on level 7 of the Dungeon.
             The game lasted 00:14:33 (7189 turns).

tilp the Ducker (Gnoll Monk)                        Turns: 7189, Time: 00:14:34

Health: -6/74      AC: 22    Str: 24    XL:     9   Next: 43%
Magic:  15/15      EV: 12    Int: 23    God:    Cheibriados [**....]
Gold:   144        SH:  0    Dex: 24    Spells: 16/16 levels left

rFire    . . .     SeeInvis .   m - +2 flail (holy)
rCold    . . .     Gourm    .   (no shield)
rNeg     . . .     Faith    .   y - +7 plate armour of Uhusikk {Str+4 Int+5}
rPois    .         Spirit   .   p - +2 helmet
rElec    .         Reflect  .   (no cloak)
rCorr    .         Harm     .   (no gloves)
MR       .....                  (no boots)
Stlth    ..........             (no amulet)
HPRegen  0.22/turn              (no ring)
MPRegen  0.14/turn              (no ring)

@: very slow
A: distributed training, fangs 1, strong nose
a: Bend Time, Renounce Religion


You were on level 7 of the Dungeon.
You worshipped Cheibriados.
Cheibriados was pleased with you.
You were not hungry.

You visited 2 branches of the dungeon, and saw 8 of its levels.

You collected 243 gold pieces.
You spent 99 gold pieces at shops.

Inventory:

Hand Weapons
 m - a +2 flail of holy wrath (weapon)
 C - a +5 whip
Missiles
 n - 4 javelins (quivered)
Armour
 p - a +2 helmet (worn)
 y - the +7 plate armour of Uhusikk (worn) {Str+4 Int+5}
   (You found it on level 5 of the Dungeon)

   It affects your strength (+4).
   It affects your intelligence (+5).
Jewellery
 e - an uncursed amulet of the gourmand
Wands
 i - a wand of clouds (7)
 l - a wand of random effects (12)
Scrolls
 a - 3 scrolls of remove curse
 b - 2 scrolls of fog
 h - 2 scrolls of blinking
 k - 2 scrolls of enchant weapon
 r - a scroll of immolation {unknown}
 x - a scroll of random uselessness {unknown}
 A - a scroll of magic mapping {unknown}
Potions
 d - 3 potions of might
 f - 2 potions of heal wounds {unknown}
 j - 2 potions of resistance {unknown}
 o - 6 potions of curing
 t - a potion of flight {unknown}
 u - a potion of cancellation {unknown}
 v - 2 potions of brilliance {unknown}
 w - 2 potions of lignification {unknown}
 B - a potion of agility {unknown}
Books
 q - a book of Maledictions

   Spells                             Type                      Level
   a - Corona                         Hexes                        1
   b - Ensorcelled Hibernation        Hexes/Ice                    2
   c - Confuse                        Hexes                        3
   d - Tukima's Dance                 Hexes                        3
   e - Dazzling Spray                 Conjuration/Hexes            3
Comestibles
 c - 13 rations


   Skills:
 + Level 7.8 Fighting
 + Level 4.1 Short Blades
 + Level 4.1 Long Blades
 + Level 4.1 Axes
 + Level 7.8 Maces & Flails
 + Level 4.1 Polearms
 + Level 4.1 Staves
 + Level 4.1 Slings
 + Level 4.1 Bows
 + Level 4.1 Crossbows
 + Level 4.1 Throwing
 + Level 4.1 Armour
 + Level 7.8 Dodging
 + Level 6.0 Stealth
 + Level 4.1 Shields
 + Level 4.1 Unarmed Combat
 + Level 4.1 Spellcasting
 + Level 3.4 Conjurations
 + Level 3.4 Hexes
 + Level 3.4 Charms
 + Level 3.4 Summonings
 + Level 3.4 Necromancy
 + Level 3.4 Translocations
 + Level 3.4 Transmutations
 + Level 3.4 Fire Magic
 + Level 3.4 Ice Magic
 + Level 3.4 Air Magic
 + Level 3.4 Earth Magic
 + Level 3.4 Poison Magic
 + Level 4.6 Invocations
 + Level 4.1 Evocations


You had 16 spell levels left.
You didn't know any spells.

Dungeon Overview and Level Annotations

Branches:
Dungeon (7/15)             Temple (1/1) D:6

Altars:
Ashenzari
Cheibriados
Dithmenos
Elyvilon
Fedhas
Gozag
Hepliaklqana
Kikubaaqudgha
Makhleb
Okawaru
Qazlal
Sif Muna
Trog
Uskayaw
Vehumet
Wu Jian
Xom
Yredelemnul
Zin
The Shining One

Shops:
D:5 =?:(

Annotations:
D:2 Sigmund
D:7 Dowan


Innate Abilities, Weirdness & Mutations

Your experience applies equally to all skills.
You have very sharp teeth.
Your uncanny sense of smell can sniff out nearby items.


Message History

The four-headed hydra barely misses you.
The four-headed hydra bites you but does no damage.
The four-headed hydra bites you!
* * * LOW HITPOINT WARNING * * *
You barely miss the four-headed hydra. You bite the four-headed hydra.
The four-headed hydra is severely wounded.
The four-headed hydra bites you but does no damage.
The four-headed hydra closely misses you. x2
The four-headed hydra bites you.
* * * LOW HITPOINT WARNING * * *
Unknown command.
You bludgeon the four-headed hydra!!
The four-headed hydra is almost dead.
The four-headed hydra bites you.
* * * LOW HITPOINT WARNING * * *
The four-headed hydra bites you but does no damage.
The four-headed hydra bites you.
* * * LOW HITPOINT WARNING * * *
The four-headed hydra bites you!
You die...

... #..# .... ##..#
... ##...# ...
##....## #.#
#......[ #.#
########### ##..÷###
#####.####..(......#
#.....∆
#...............##.#
#.#...
#.###.##.#.#...(@D#
# #... #.
#.##.#.####.##Z#
#... #.# #.##.#.#
#.# .# ...#
#.###.##.#.# #.. ..
.... ......##.#.#
#.##.#. .........#.#
#.# .#..
#...######.# #.# .#
.# ###.# #.# .# .#
#.#


You could see a four-headed hydra and a centaur skeleton.

Vanquished Creatures
  Grinder (D:3)
  Menkaure (D:4)
  Duvessa (D:7)
  2 ice beasts
  An orc warrior (D:7)
  A sky beast (D:4)
  A black bear (D:6)
  2 ogres (D:4)
  A phantom (D:6)
  2 centaurs
  A scorpion (D:4)
  5 killer bees (D:7)
  2 crimson imps
  5 hounds
  2 bullfrog skeletons (D:6)
  2 orc priests
  Terence (D:2)
  5 worker ants
  3 orc wizards
  A hound zombie (D:5)
  A hound skeleton (D:4)
  Robin (D:4)
  3 gnolls (D:6)
  9 adders
  2 oozes (D:1)
  An adder skeleton (D:4)
  4 worms
  5 leopard geckos
  10 orcs
  A ball python (D:7)
  6 giant cockroaches
  8 hobgoblins
  3 jackals
  A quokka (D:2)
  6 bats
  3 frilled lizards
  14 goblins
  3 kobolds
  A leopard gecko skeleton (D:4)
  3 rats
125 creatures vanquished.

Notes
Turn   | Place    | Note
-------+----------+-------------------------------------------
     0 | D:1      | tilp the Gnoll Monk began the quest for the Orb.
     0 | D:1      | Reached XP level 1. HP: 23/23 MP: 1/1
   272 | D:1      | Reached XP level 2. HP: 29/29 MP: 2/2
   774 | D:2      | Reached XP level 3. HP: 35/35 MP: 3/3
   902 | D:2      | Reached skill level 1 in Invocations
  1040 | D:2      | Found a stormy altar of Qazlal.
  1180 | D:2      | Reached skill level 1 in Short Blades
  1180 | D:2      | Reached skill level 1 in Long Blades
  1180 | D:2      | Reached skill level 1 in Axes
  1180 | D:2      | Reached skill level 1 in Polearms
  1180 | D:2      | Reached skill level 1 in Staves
  1180 | D:2      | Reached skill level 1 in Slings
  1180 | D:2      | Reached skill level 1 in Bows
  1180 | D:2      | Reached skill level 1 in Crossbows
  1180 | D:2      | Reached skill level 1 in Throwing
  1180 | D:2      | Reached skill level 1 in Armour
  1180 | D:2      | Reached skill level 1 in Shields
  1180 | D:2      | Reached skill level 1 in Unarmed Combat
  1180 | D:2      | Reached skill level 1 in Spellcasting
  1180 | D:2      | Reached skill level 1 in Evocations
  1192 | D:2      | Reached XP level 4. HP: 41/41 MP: 5/5
  1195 | D:2      | Noticed Terence
  1218 | D:2      | Killed Terence
  1218 | D:2      | Reached skill level 1 in Conjurations
  1218 | D:2      | Reached skill level 1 in Hexes
  1218 | D:2      | Reached skill level 1 in Charms
  1218 | D:2      | Reached skill level 1 in Summonings
  1218 | D:2      | Reached skill level 1 in Necromancy
  1218 | D:2      | Reached skill level 1 in Translocations
  1218 | D:2      | Reached skill level 1 in Transmutations
  1218 | D:2      | Reached skill level 1 in Fire Magic
  1218 | D:2      | Reached skill level 1 in Ice Magic
  1218 | D:2      | Reached skill level 1 in Air Magic
  1218 | D:2      | Reached skill level 1 in Earth Magic
  1218 | D:2      | Reached skill level 1 in Poison Magic
  1647 | D:2      | Noticed Sigmund
  1696 | D:3      | Noticed Grinder
  1777 | D:2      | Found an ornate altar of the Wu Jian Council.
  2334 | D:3      | Paralysed by Grinder for 3 turns
  2341 | D:3      | Killed Grinder
  2341 | D:3      | Reached XP level 5. HP: 20/47 MP: 5/7
  2341 | D:3      | Reached XP level 6. HP: 23/53 MP: 5/8
  2831 | D:4      | Noticed an ice beast
  2840 | D:4      | Killed an ice beast
  2840 | D:4      | Reached XP level 7. HP: 52/60 MP: 10/10
  2900 | D:4      | Noticed Menkaure
  2909 | D:4      | Killed Menkaure
  3225 | D:4      | Reached skill level 5 in Stealth
  3413 | D:4      | Noticed Robin
  3415 | D:4      | Killed Robin
  3447 | D:4      | Reached XP level 8. HP: 20/67 MP: 12/12
  3779 | D:4      | Found a bloodstained altar of Trog.
  4304 | D:5      | Entered Level 5 of the Dungeon
  4438 | D:5      | Found a bloodstained altar of Trog.
  4604 | D:5      | Found Memit's Jewellery Shoppe.
  4840 | D:5      | Got a brightly glowing plate armour
  4851 | D:5      | Identified the +7 plate armour of Uhusikk {Str+4 Int+5} (You found it on level 5 of the Dungeon)
  4875 | D:5      | Found Geun Ci Voo's Antique Weapon Shop.
  5065 | D:5      | Found Una Guli's Magic Scroll Shoppe.
  5068 | D:5      | Bought a scroll of identify for 22 gold pieces
  5068 | D:5      | Bought a scroll of identify for 22 gold pieces
  5068 | D:5      | Bought a scroll of teleportation for 33 gold pieces
  5068 | D:5      | Bought a scroll of identify for 22 gold pieces
  5101 | D:5      | Found Duduw's Book Boutique.
  5920 | D:6      | Reached XP level 9. HP: 72/72 MP: 14/14
  6030 | D:6      | Found a staircase to the Ecumenical Temple.
  6182 | Temple   | Entered the Ecumenical Temple
  6227 | Temple   | Became a worshipper of Cheibriados the Contemplative
  6227 | Temple   | Reached * piety under Cheibriados
  6227 | Temple   | Reached ** piety under Cheibriados
  6342 | D:6      | Found a white marble altar of Elyvilon.
  6342 | D:6      | Found a blossoming altar of Fedhas.
  6749 | D:7      | Noticed a four-headed hydra
  6756 | D:7      | Noticed Duvessa
  6766 | D:7      | Noticed Dowan
  7170 | D:7      | Killed Duvessa
  7189 | D:7      | Mangled by a four-headed hydra

Vault maps used:
D:1:      sevenhm_arrival_forest_fort_large_2
D:2:      nicolae_overflow_hidden_temple, lemuel_doored_altar, uniq_sigmund,
          uniq_terence
D:3:      minmay_wonky_spiral, nrook_uturn, uniq_grinder
D:4:      lemuel_round_altar, uniq_menkaure, uniq_robin
D:5:      serial_shops, shop, shop, nicolae_shop_competitors_out_of_business,
          nicolae_shop_behind_doors, first_ration, kennysheep_pointless_box,
          corexii_shack, bloody_trog
D:6:      gammafunk_temple_overflow_elements,
          minmay_temple_entry_enclosed_plants
D:7:      lemuel_coloured_pillars_altar, uniq_duvessa
Temple:   eino_wide_crystal_templ

Skill      XL: |  1  2  3  4  5  6  7  8  9 |
---------------+----------------------------+-----
Invocations    | 1 2 3 4 |  4.6
Short Blades   | 1 2 3 4 |  4.1
Long Blades    | 1 2 3 4 |  4.1
Axes           | 1 2 3 4 |  4.1
Polearms       | 1 2 3 4 |  4.1
Staves         | 1 2 3 4 |  4.1
Slings         | 1 2 3 4 |  4.1
Bows           | 1 2 3 4 |  4.1
Crossbows      | 1 2 3 4 |  4.1
Throwing       | 1 2 3 4 |  4.1
Armour         | 1 2 3 4 |  4.1
Shields        | 1 2 3 4 |  4.1
Unarmed Combat | 1 2 3 4 |  4.1
Spellcasting   | 1 2 3 4 |  4.1
Evocations     | 1 2 3 4 |  4.1
Conjurations   | 1 2 3 |  3.4
Hexes          | 1 2 3 |  3.4
Charms         | 1 2 3 |  3.4
Summonings     | 1 2 3 |  3.4
Necromancy     | 1 2 3 |  3.4
Translocations | 1 2 3 |  3.4
Transmutations | 1 2 3 |  3.4
Fire Magic     | 1 2 3 |  3.4
Ice Magic      | 1 2 3 |  3.4
Air Magic      | 1 2 3 |  3.4
Earth Magic    | 1 2 3 |  3.4
Poison Magic   | 1 2 3 |  3.4
Fighting       | 7 |  7.8
Maces & Flails | 7 |  7.8
Dodging        | 7 |  7.8
Stealth        | 5 6 |  6.0

Action                   |  1- 3 |  4- 6 |  7- 9 || total
-------------------------+-------+-------+-------++-------
Melee: Mace              |    82 |    20 |       ||   102
       Bite              |     5 |     9 |    47 ||    61
       Flail             |       |    72 |   311 ||   383
       Punch             |       |     1 |     6 ||     7
Throw: Javelin           |       |     9 |     6 ||    15
  Use: Scroll            |       |       |    12 ||    12
       Potion            |       |       |     1 ||     1
 Stab: Sleeping          |     7 |     3 |       ||    10
  Eat: Chunk             |     1 |     5 |    12 ||    18
Armor: Robe              |    17 |     9 |       ||    26
       Chain mail        |       |    18 |    42 ||    60
       Plate armour      |       |       |   148 ||   148
Dodge: Dodged            |    95 |    59 |   166 ||   320

Table legend:
 A = Spawn XP
 B = Non-spawn XP
 C = Spawn XP percentage of total XP
 D = Spawn monster count
 E = Non-spawn monster count
 F = Spawn count percentage of total count
 G = Total turns spent on level
                    A         B        C        D         E        F      G
               +---------+---------+-------+---------+---------+-------+---------
         Total |       0 |    3360 |   0.0 |       0 |     125 |   0.0 |  7189
               +---------+---------+-------+---------+---------+-------+---------
           D:1 |       0 |      24 |   0.0 |       0 |       9 |   0.0 |   767
           D:2 |       0 |     111 |   0.0 |       0 |      17 |   0.0 |  1020
           D:3 |       0 |     298 |   0.0 |       0 |      15 |   0.0 |   795
           D:4 |       0 |    1095 |   0.0 |       0 |      41 |   0.0 |  1722
           D:5 |       0 |     310 |   0.0 |       0 |       8 |   0.0 |   987
           D:6 |       0 |     701 |   0.0 |       0 |      21 |   0.0 |  1243
           D:7 |       0 |     821 |   0.0 |       0 |      14 |   0.0 |   596
               +---------+---------+-------+---------+---------+-------+---------
